 Dungeon Crawl Stone Soup version 0.30-a0-347-gf58ed52 (webtiles) character file.

Game seed: 9185140809623470748

105 Dorkslayer the Sneak (level 4, -3/30 HPs)
             Began as an Octopode Brigand on Nov 5, 2022.
             Slain by Sigmund
             ... wielding a +0 scythe
              (12 damage)
             ... on level 2 of the Dungeon.
             The game lasted 00:03:31 (1535 turns).

Dorkslayer the Sneak (Octopode Brigand)             Turns: 1535, Time: 00:03:32

Health: -3/30      AC:  1    Str: 10    XL:     4   Next: 81%
Magic:  4/4        EV: 13    Int: 13    God:
Gold:   59         SH:  0    Dex: 15    Spells: 3/3 levels left

rFire   + . .      SeeInvis .    a - +2 dagger
rCold   . . .      Faith    .    (no shield)
rNeg    . . .      Spirit   .    (helmet restricted)
rPois   .          Reflect  .    (no amulet)
rElec   .          Harm     .    l - ring of protection from fire
rCorr   .          Rampage  .    (no ring)
Will    .....                    (no ring)
Stlth   +++++.....               (no ring)
HPRegen 0.25/turn                (no ring)
MPRegen 0.09/turn                (no ring)
                                 (no ring)
                                 (no ring)

@: no status effects
A: almost no armour, amphibious, 8 rings, camouflage 1, gelatinous body 1,
(nimble swimmer 1), tentacles
a: no special abilities


You were on level 2 of the Dungeon.
You visited 1 branch of the dungeon, and saw 2 of its levels.

You collected 59 gold pieces.

Inventory:

Hand Weapons
 a - a +2 dagger (weapon)
Missiles
 b - 9 poisoned darts (quivered)
 c - 3 curare-tipped darts
 h - 2 throwing nets
Jewellery
 l - a ring of protection from fire (left tentacle)
Scrolls
 d - a scroll of blinking {unknown}
 e - 2 scrolls of identify {unknown}
 i - a scroll of noise {unknown}
Potions
 f - a potion of attraction {unknown}
 j - a potion of degeneration {unknown}
 k - a potion of might {unknown}


   Skills:
 + Level 2.3 Fighting
 + Level 2.7 Short Blades
 + Level 2.1 Throwing
 + Level 1.8 Dodging
 + Level 7.1 Stealth


You had 3 spell levels left.
You didn't know any spells.
Your spell library was empty.

Dungeon Overview and Level Annotations

Branches:
Dungeon (2/15)

Altars:

Shops:
D:1 (

Annotations:
D:2 Sigmund


Innate Abilities, Weirdness & Mutations

You cannot wear most types of armour.
You are amphibious.
You can wear up to eight rings at the same time.
Your skin changes colour to match your surroundings (Stealth+).
Your rubbery body absorbs attacks. (AC +1, EV +1)
((You are camouflaged when in or above water. (Stealth+)))
You have tentacles for arms and can constrict up to eight enemies at once.


Message History

Sigmund the Dreaded comes into view.
He is wielding a +0 scythe and wearing a +2 robe of willpower.
Sigmund shouts!
Sigmund mumbles some strange words.
Sigmund flickers and vanishes!
Deactivating autopickup; reactivate with Ctrl-A.
You closely miss something. Something hits you.
You barely miss something. You hit something but do no damage.
Your squeeze misses something. You barely miss something.
You squeeze something. Something hits you.
You miss something. You squeeze something. You miss something.
Something hits you!
You hit something. You squeeze something. Something hits you!
* * * LOW HITPOINT WARNING * * *
It was a potion of heal wounds.
You feel much better.
Okay, then.
l - a ring of protection from fire (left tentacle)
Something hits you!
You hit something. You miss something. Something hits you.
You miss something. You closely miss something. Your squeeze misses something.
You hear some strange, mumbled words.
A magic dart appears from out of thin air!
The magic dart hits you!
You hit something but do no damage. Something hits you!
* * * LOW HITPOINT WARNING * * *
You feel much better.
You hear some strange, mumbled words.
A magic dart appears from out of thin air!
The magic dart hits you!
Okay, then.
Okay, then.
You miss something. You squeeze something. You hit something.
You hear some strange, mumbled words.
A magic dart appears from out of thin air!
The magic dart hits you!
* * * LOW HITPOINT WARNING * * *
You hit something. Something hits you!
You die...

#..#.#.#'####..#...#
#......# #..#.#.#.#
#..#.### #........
.....#.#.# ####.#
#.......##
.....#.#.#######.#
##.....##
.......#........<#
......
.###.###########.#
######
.................# #..
####.##############....#
................@{......
##.).###################
#......# #.#.##.#
#.#.##.# #.#.##.#
##.#.##.###########
...#.##.(.......†.#
####.##.#########.#


There were no monsters in sight!

Vanquished Creatures
  Jessica (D:2)
  An adder (D:2)
  2 worms (D:2)
  4 dart slugs
  5 ball pythons
  4 endoplasms
  3 giant cockroaches
  5 goblins
  3 hobgoblins (D:1)
  4 jackals (D:2)
  2 quokkas
  6 bats
  A frilled lizard (D:1)
  4 kobolds
  5 rats
50 creatures vanquished.

Notes
Turn   | Place    | Note
-------+----------+-------------------------------------------
     0 | D:1      | Dorkslayer the Octopode Brigand began the quest for the
                  | Orb.
     0 | D:1      | Reached XP level 1. HP: 14/14 MP: 1/1
   136 | D:1      | Reached XP level 2. HP: 18/19 MP: 2/2
   419 | D:1      | Reached skill level 6 in Stealth
   431 | D:1      | Reached XP level 3. HP: 21/24 MP: 3/3
   601 | D:1      | Found Ishrupp's Weapon Boutique.
   907 | D:2      | Noticed Jessica
   914 | D:2      | Killed Jessica
   915 | D:2      | Reached XP level 4. HP: 29/29 MP: 4/4
  1223 | D:2      | Reached skill level 7 in Stealth
  1511 | D:2      | Noticed Sigmund
  1535 | D:2      | Slain by Sigmund

Illustrated notes

Levels and vault maps discovered:
D:1:      dpeg_arrival_lava_temple_mockup, layout_basic, serial_shops,
          nicolae_shop_stone, kennysheep_minor_cross
D:2:      layout_basic, ebering_ecumenical_altar_hall, uniq_jessica,
          uniq_sigmund

Skill      XL: |  1  2  3  4 |
---------------+-------------+-----
Stealth        | 6 7 |  7.1
Fighting       | |  2.3
Short Blades   | |  2.7
Throwing       | |  2.1
Dodging        | |  1.8

Action                   |  1- 3 |  4- 6 || total
-------------------------+-------+-------++-------
Melee: Dagger            |    48 |    44 ||    92
       Tentacles         |    12 |    10 ||    22
       Constrict         |    11 |     6 ||    17
Throw: Dart              |       |     1 ||     1
  Use: Potion            |       |     2 ||     2
 Stab: Sleeping          |     9 |     9 ||    18
Armor: Skin              |     4 |     1 ||     5
Dodge: Dodged            |    23 |    14 ||    37

Table legend: (Time is in decaauts)
 A = Elapsed time spent in this place.
 B = Non-inter-level travel time spent in this place.
 C = Inter-level travel time spent in this place.
 D = Time resting spent in this place.
 E = Time spent auto-exploring this place.
 F = Levels seen in this place.
 G = Mean time per level.
                   A        B        C        D        E       F      G
               +--------+--------+--------+--------+--------+-----+--------+
         Total |   1523 |   1523 |      0 |      0 |    984 |   2 |  761.5 |
       Dungeon |   1523 |   1523 |      0 |      0 |    984 |   2 |  761.5 |
               +--------+--------+--------+--------+--------+-----+--------+

Top non-repeatable levels by time:
     D:1: 850 daAuts
     D:2: 673 daAuts
